 Dungeon Crawl Stone Soup version 0.25-a0-737-g26c3a87c45 (webtiles) character file.

Game seed: 388987790691883158, levelgen mode: deterministic

1214 Maedhros the Covert (level 8, -2/48 HPs)
             Began as an Octopode Artificer on Apr 12, 2020.
             Slain by Pikel
             ... wielding a +1 whip of freezing
              (3 damage)
             ... on level 7 of the Dungeon.
             The game lasted 00:05:36 (2595 turns).

Maedhros the Covert (Octopode Artificer)            Turns: 2595, Time: 00:05:37

Health: -2/48      AC:  1    Str: 12    XL:     8   Next: 46%
Magic:  10/10      EV: 13    Int: 13    God:
Gold:   139        SH:  0    Dex: 14    Spells: 7/7 levels left

rFire    + . .     SeeInvis .   i - +1 dagger (venom)
rCold    + . .     Gourm    +   (no shield)
rNeg     . . .     Faith    .   (helmet restricted)
rPois    +         Spirit   .   r - amulet of the gourmand
rElec    +         Reflect  .   (no ring)
rCorr    +         Harm     .   (no ring)
MR       .....                  (no ring)
Stlth    +++++.....             (no ring)
HPRegen  0.16/turn              (no ring)
MPRegen  0.12/turn              (no ring)
                                (no ring)
                                (no ring)

@: resistant, berserk cooldown, stab, slowed, very slow
A: almost no armour, stealthy swim, amphibious, 8 rings, constrict 8, camouflage
1, gelatinous body 1
a: no special abilities


You were on level 7 of the Dungeon.
You were not hungry.

You visited 1 branch of the dungeon, and saw 7 of its levels.

You collected 139 gold pieces.

Inventory:

Hand Weapons
 i - a +1 dagger of venom (weapon)
Jewellery
 r - an amulet of the gourmand (around mantle)
Wands
 a - a wand of polymorph (4)
 b - a wand of flame (20)
 c - a wand of enslavement (20)
 d - a wand of random effects (11)
Scrolls
 e - 3 scrolls of identify {unknown}
 g - a scroll of fear {unknown}
 h - 2 scrolls of teleportation {unknown}
 j - a scroll of immolation {unknown}
 m - 2 scrolls of remove curse {unknown}
 n - a scroll of fog {unknown}
 o - a scroll of magic mapping {unknown}
 q - a scroll of amnesia {unknown}
Potions
 k - a potion of berserk rage
Comestibles
 f - a ration


   Skills:
 - Level 1.0 Fighting
 - Level 1.0 Short Blades
 - Level 2.0 Dodging
 + Level 10.0 Stealth
 + Level 6.8 Unarmed Combat
 - Level 3.2 Evocations


You had 7 spell levels left.
You didn't know any spells.
Your spell library contained the following spells:

 Spells                   Type           Power        Failure   Level  Hunger
 Beastly Appendage        Tmut           #.....       30%         1    ##.....
 Freeze                   Ice            #...         30%         1    ##.....
 Sticks to Snakes         Tmut           #.......     43%         2    ###....
 Frozen Ramparts          Ice            #.....       67%         3    ####...
 Ozocubu's Armour         Chrm/Ice       #.......     67%         3    ####...
 Spider Form              Tmut/Pois      #.........   67%         3    ####...
 Hailstorm                Conj/Ice       #.......     97%         4    #####..
 Ice Form                 Ice/Tmut       #.......     97%         4    #####..
 Summon Ice Beast         Ice/Summ       #.......     97%         4    #####..
 Blade Hands              Tmut           #.........   100%        5    ######.


Dungeon Overview and Level Annotations

Branches:
Dungeon (7/15)
 Temple: D:4-7

Altars:
Nemelex Xobeh

Shops:
D:5 :

Annotations:
D:5 Maedhros's ghost, novice OpAr
D:7 Pikel


Innate Abilities, Weirdness & Mutations

You cannot wear most types of armour.
You are very stealthy in the water. (Stealth+)
You are amphibious.
You can wear up to eight rings at the same time.
You can use your tentacles to constrict eight enemies at once.
Your skin changes colour to match your surroundings (Stealth+).
Your rubbery body absorbs attacks. (AC +1, EV +1)


Message History

Pikel misses you. The slave barely misses you.
Unknown command.
You closely miss the slave. Your grab misses the slave.
Your squeeze misses the slave.
You are no longer berserk.
You are exhausted.
You feel yourself slow down.
Unknown command.
Okay, then.
Okay, then.
Sorry, you're not good enough to have a special ability.
Evoke which item? (* to show all) (? for menu, Esc to quit)
Aiming: Enslavement
Press: ? - help, Shift-Dir - straight line, f - Pikel
Aim: Pikel, wielding a +1 whip of freezing, wearing a cursed +0 robe and carrying a wand of digging (4) (lightly wounded, extremely poisoned, chance to defeat MR: 55%) Pikel resists with significant effort.
Pikel closely misses you. The slave hits you.
* * * LOW HITPOINT WARNING * * *
Pikel hits you with a +1 whip of freezing.
You die...

...... .. ##......
..# #....... ...##
#..../.. .....##.....
......#[... . #.....#
....###Kp##
...>...@..##
....#..##..# ## #..
#..# ..#.##..#
..##..#..#
....#......#
...........#########
..
...#...<.##.#...###
#..#......#....##.###


You could see Pikel and a slave.

Vanquished Creatures
  Grinder (D:3)
  A hippogriff (D:5)
  An ogre (D:6)
  3 slaves (D:7)
  2 necrophages (D:6)
  A bullfrog (D:7)
  2 electric eels (D:4)
  A centaur zombie (D:7)
  A bullfrog skeleton (D:5)
  3 orc priests
  A hound (D:5)
  A centaur skeleton (D:5)
  Ijyb (D:3)
  2 orc wizards
  2 worker ants (D:5)
  A hound zombie (D:6)
  An adder (D:4)
  A shadow imp (D:6)
  An ooze (D:7)
  A worm (D:5)
  3 dart slugs
  3 leopard geckos
  9 orcs
  2 giant cockroaches
  6 goblins
  6 hobgoblins
  10 jackals
  A quokka (D:3)
  A bat (D:1)
  2 frilled lizards
  A quokka skeleton (D:6)
  4 rats (D:1)
76 creatures vanquished.

Vanquished Creatures (collateral kills)
  An orc priest (D:6)
1 creature vanquished.

Vanquished Creatures (others)
  A worker ant (D:4)
1 creature vanquished.

Grand Total: 78 creatures vanquished

Notes
Turn   | Place    | Note
-------+----------+-------------------------------------------
     0 | D:1      | Maedhros the Octopode Artificer began the quest for the
                  | Orb.
     0 | D:1      | Reached XP level 1. HP: 13/13 MP: 3/3
    21 | D:1      | Reached skill level 2 in Stealth
    50 | D:1      | Reached skill level 1 in Unarmed Combat
    50 | D:1      | Reached XP level 2. HP: 9/18 MP: 4/4
   330 | D:2      | Reached skill level 3 in Stealth
   363 | D:3      | Noticed Ijyb
   500 | D:3      | Noticed Grinder
   501 | D:3      | Paralysed by Grinder for 6 turns
   510 | D:3      | Killed Ijyb
   510 | D:3      | Reached XP level 3. HP: 13/23 MP: 5/5
   520 | D:3      | Killed Grinder
   520 | D:3      | Reached skill level 6 in Stealth
   520 | D:3      | Reached XP level 4. HP: 14/28 MP: 6/6
   520 | D:3      | Reached XP level 5. HP: 17/33 MP: 7/7
   520 | D:3      | Reached XP level 6. HP: 19/38 MP: 8/8
   965 | D:4      | Found a transporter.
  1083 | D:4      | Found a transporter.
  1330 | D:5      | Entered Level 5 of the Dungeon
  1372 | D:5      | Reached skill level 7 in Stealth
  1375 | D:5      | Found Mameuss's Book Shoppe.
  1443 | D:5      | Reached XP level 7. HP: 24/43 MP: 9/9
  1691 | D:5      | Found a transporter.
  1694 | D:5      | Noticed Maedhros's ghost (novice OpAr)
  1699 | D:5      | Found a transporter.
  1735 | D:5      | Reached skill level 5 in Unarmed Combat
  1752 | D:5      | Found a sparkling altar of Nemelex Xobeh.
  1903 | D:5      | Noticed a hippogriff
  1913 | D:5      | Killed a hippogriff
  1913 | D:5      | Reached skill level 8 in Stealth
  2227 | D:6      | Reached skill level 9 in Stealth
  2227 | D:6      | Reached XP level 8. HP: 47/48 MP: 10/10
  2572 | D:7      | Noticed Pikel
  2591 | D:7      | Reached skill level 10 in Stealth
  2595 | D:7      | HP: 1/48 [slave[Pikel] (3)]
  2595 | D:7      | Slain by Pikel

Levels and vault maps discovered:
D:1:      dpeg_arrival_tiny_i, layout_rooms, minmay_misc_feat_room,
          minmay_tetromino_t2
D:2:      layout_rooms, minitemple, first_ration, chequers_serial_rivers_room_a
D:3:      layout_loops_ring, uniq_grinder, uniq_ijyb
D:4:      gammafunk_steamed_eel, layout_loops_corners,
          grunt_temple_overflow_holy_war, minmay_temple_entry_mist
D:5:      layout_loops_ring, gammafunk_ghost_arena, serial_shops, shop,
          nemelex_diamond_rough_becter
D:6:      layout_loops_corners, nicolae_sextant,
          hangedman_abyss_or_decor_passed, uniq_edmund
D:7:      layout_cave_pools, biasface_ghost_orc_armoury, basic_altar,
          grunt_decor_resistance, the_bakery, kennysheep_diamond, uniq_pikel

Skill      XL: |  1  2  3  4  5  6  7  8 |
---------------+-------------------------+-----
Stealth        | 2 3 6 7 9 10 | 10.0
Unarmed Combat | 1 2 3 4 6 |  6.8
Fighting       | |  1.0
Short Blades   | |  1.0
Dodging        | |  2.0
Evocations     | |  3.2

Action                   |  1- 3 |  4- 6 |  7- 9 || total
-------------------------+-------+-------+-------++-------
Melee: Short sword       |    42 |     6 |       ||    48
       Constrict         |    13 |    15 |    17 ||    45
       Tentacles         |     8 |    13 |    18 ||    39
       Unarmed           |    18 |       |       ||    18
       Dagger            |       |    38 |    74 ||   112
       Punch             |       |     3 |     5 ||     8
Evoke: Wand              |     2 |     8 |     7 ||    17
  Use: Potion            |       |     1 |     4 ||     5
 Stab: Sleeping          |     1 |     4 |     9 ||    14
       Distracted        |     1 |       |       ||     1
  Eat: Chunk             |       |     2 |       ||     2
       Ration            |       |       |     1 ||     1
Armor: Skin              |     9 |     1 |     3 ||    13
Dodge: Dodged            |    59 |    18 |    49 ||   126

Table legend:
 A = Non-vault XP
 B = Vault XP
 C = Vault XP percentage of total XP
 D = Non-vault monster count
 E = Vault monster count
 F = Vault count percentage of total count
                 A         B        C        D         E       F
            +---------+---------+-------+---------+---------+-------
      Total |    1316 |     419 |  24.1 |      68 |       6 |   8.1
            +---------+---------+-------+---------+---------+-------
        D:1 |      30 |       0 |   0.0 |      18 |       0 |   0.0
        D:2 |       2 |       0 |   0.0 |       1 |       0 |   0.0
        D:3 |      28 |     308 |  91.7 |      12 |       2 |  14.3
        D:4 |      99 |     104 |  51.2 |       6 |       2 |  25.0
        D:5 |     498 |       7 |   1.4 |      11 |       2 |  15.4
        D:6 |     465 |       0 |   0.0 |      13 |       0 |   0.0
        D:7 |     194 |       0 |   0.0 |       7 |       0 |   0.0
            +---------+---------+-------+---------+---------+-------
